 Dungeon Crawl Stone Soup version 0.22-a0-448-g1fb7470 (webtiles) character file.

107418 DrEnzyme the Imperceptible (level 16, -4/106 (109) HPs)
             Began as an Octopode Wanderer on June 1, 2018.
             Was the Champion of Dithmenos.
             Killed from afar by a thorn hunter (25 damage)
             ... with a volley of thorns
             ... on level 4 of the Swamp on June 4, 2018.
             The game lasted 04:45:19 (49311 turns).

DrEnzyme the Imperceptible (Octopode Wanderer)     Turns: 49311, Time: 04:45:19

HP:   -4/106 (109)  AC:  8    Str: 17    XL:     16   Next: 46%
MP:   21/21         EV: 30    Int: 15    God:    Dithmenos [******]
Gold: 380           SH:  8    Dex: 33    Spells: 19/21 levels left

rFire    . . .     SeeInvis +   b - +0 fustibalus
rCold    + . .     Gourm    +   A - +0 buckler
rNeg     + + .     Faith    .   (helmet restricted)
rPois    +         Spirit   .   t - amulet of the gourmand
rElec    +         Reflect  .   e - +5 ring of dexterity
rCorr    .         Harm     .   y - +3 ring of protection
MR       ++...                  r - ring of Mirth {+Inv rC+ Stlth+}
Stlth    ++++++++++             B - ring "Jont" {rF- rN+ MR+ SInv}
HPRegen  0.27/turn              o - ring "Zuyrity" {rElec rPois AC+1 Int+3 Dex+4}
MPRegen  0.17/turn              k - +3 ring of protection
                                Y - +4 ring of strength
                                W - ring of Kiucvu {rF+ rN+ Dex+5 Slay+2 Stlth+}

@: very slightly contaminated, wreathed by umbra
A: almost no armour, stealthy swim, amphibious, 8 rings, constrict 8, camouflage
1, gelatinous body 1
a: Shadow Step, Shadow Form, Renounce Religion, Evoke Invisibility


You were on level 4 of the Swamp.
You worshipped Dithmenos.
Dithmenos was exalted by your worship.
You were not hungry.

You visited 6 branches of the dungeon, and saw 28 of its levels.
You also visited: Labyrinth and Bailey.

You collected 2378 gold pieces.
You spent 1998 gold pieces at shops.

Inventory:

Hand Weapons
 a - the +11 dagger of the Butterfly {pierce, *Slow rElec Int+5}
   (You bought it in a shop on level 2 of the Orcish Mines)

   It inflicts extra damage upon your enemies.
   It affects your intelligence (+5).
   It insulates you from electricity.
   It may slow you when you take damage.
 b - a +0 fustibalus (weapon)
Missiles
 h - 434 stones
 n - 60 sling bullets (quivered)
 w - 20 javelins of returning
Armour
 A - a +0 buckler (worn)
 H - a +1 shield of protection
Jewellery
 e - a +5 ring of dexterity (left tentacle)
 k - a +3 ring of protection (on tentacle)
 o - the ring "Zuyrity" (on tentacle) {rElec rPois AC+1 Int+3 Dex+4}
   (You acquired it on level 5 of the Lair of Beasts)

   [ring of protection]

   It affects your AC (+1).
   It affects your intelligence (+3).
   It affects your dexterity (+4).
   It insulates you from electricity.
   It protects you from poison.
 q - an uncursed ring of positive energy
 r - the ring of Mirth (on tentacle) {+Inv rC+ Stlth+}
   (You bought it in a shop on level 2 of the Orcish Mines)

   [ring of protection from cold]

   It protects you from cold.
   It lets you turn invisible.
   It makes you more stealthy.
 s - an uncursed ring of protection from cold
 t - an amulet of the gourmand (around mantle)
 v - an uncursed ring of poison resistance
 y - a +3 ring of protection (right tentacle)
 B - the ring "Jont" (on tentacle) {rF- rN+ MR+ SInv}
   (You bought it in a shop on level 2 of the Orcish Mines)

   [ring of protection from magic]

   It makes you vulnerable to fire.
   It protects you from negative energy.
   It affects your resistance to hostile enchantments.
   It lets you see invisible.
 G - an uncursed ring of magical power
 Q - an uncursed ring of wizardry
 W - the ring of Kiucvu (on tentacle) {rF+ rN+ Dex+5 Slay+2 Stlth+}
   (You acquired it on level 3 of the Lair of Beasts)

   [ring of protection from fire]

   It affects your dexterity (+5).
   It affects your accuracy and damage with ranged weapons and melee attacks
   (+2).
   It protects you from fire.
   It protects you from negative energy.
   It makes you more stealthy.
 Y - a +4 ring of strength (on tentacle)
Wands
 z - a wand of enslavement (40)
 C - a wand of disintegration (14)
 E - a wand of iceblast (9)
 I - a wand of acid (10)
 J - a wand of digging (42)
 Z - a wand of clouds (6)
Scrolls
 c - 3 scrolls of enchant weapon
 g - 13 scrolls of remove curse
 i - a scroll of identify
 l - a scroll of summoning
 x - 3 scrolls of fog
 L - a scroll of teleportation
 N - 4 scrolls of enchant armour
 U - 6 scrolls of immolation
 V - a scroll of amnesia
 X - 4 scrolls of magic mapping
Potions
 d - 2 potions of magic
 m - 4 potions of haste
 p - a potion of invisibility
 D - 2 potions of curing
 F - 8 potions of brilliance
 K - a potion of resistance
 M - 4 potions of cancellation
 P - a potion of agility
 R - a potion of flight
 S - a potion of lignification
 T - 2 potions of ambrosia
Miscellaneous
 O - a phial of floods
Comestibles
 f - 52 rations


   Skills:
 + Level 10.0 Fighting
 - Level 9.8(10.0) Short Blades
   Level 2.1(6.6) Long Blades
 + Level 11.3 Slings
   Level 2.0 Bows
 - Level 0.2(7.2) Throwing
 * Level 13.4 Dodging
 + Level 22.1 Stealth
 + Level 6.4 Shields
 + Level 3.3 Spellcasting
 - Level 0.1 Charms
 - Level 0.5 Air Magic
 - Level 3.5 Invocations


You had 19 spell levels left.
You knew the following spells:

 Your Spells              Type           Power        Failure   Level  Hunger
a - Swiftness             Chrm/Air       #.......     26%         2    ##.....

Your spell library contained the following spells:

 Spells                   Type           Power        Failure   Level  Hunger
 Lightning Bolt           Conj/Air       #.........   99%         5    ######.
 Bolt of Magma            Conj/Fire/Erth #.........   99%         5    ######.
 Iron Shot                Conj/Erth      #.........   100%        6    #######
 Shock                    Conj/Air       #...         17%         1    None
 Statue Form              Tmut/Erth      #........    100%        6    #######
 Airstrike                Air            #.........   83%         4    ####...
 Shatter                  Erth           #.........   100%        9    #######
 Static Discharge         Conj/Air       #.......     45%         3    ###....
 Leda's Liquefaction      Hex/Erth       #.........   88%         4    ####...


Dungeon Overview and Level Annotations

Branches:
Dungeon (14/15)            Temple (1/1) D:4            Lair (6/6) D:9
  Swamp (4/4) Lair:2       Spider (0/4) Lair:2        Slime (0/5) Lair:6
    Orc (2/2) D:9             Elf (1/3) Orc:2        Vaults (0/5) D:13

Altars:
Ashenzari
Dithmenos
Elyvilon
Fedhas
Gozag
Hepliaklqana
Kikubaaqudgha
Makhleb
Nemelex Xobeh
Okawaru
Qazlal
Ru
Sif Muna
Trog
Uskayaw
Vehumet
Wu Jian
Xom
Yredelemnul
Zin
The Shining One
Beogh
Jiyva

Shops:
D:7 (   D:10 (   Orc:2 (([=

Annotations:
D:2 Natasha
D:3 exclusions: 2 orcs and orc wizard
D:4 exclusion: wyvern
D:10 exclusions: downstairs, orc warrior and 3 orc wizards
D:11 exclusions: 2 downstairs and orange crystal statue, loopi's ghost, journeyman KoWn
D:12 exclusions: hydra and iguana
D:13 exclusion: downstairs
Lair:2 exclusions: downstairs, 2 oklob plants and spiny frog
Lair:3 exclusions: 2 hydras and spiny frog, DemiseSR's ghost, journeyman MiBe
Lair:4 exclusion: 2 oklob plants
Lair:5 exclusions: 2 downstairs and hydra
Swamp:2 exclusion: downstairs
Swamp:3 exclusion: downstairs
Orc:2 LeafLetters's ghost, journeyman DsWz


Innate Abilities, Weirdness & Mutations

You cannot wear most types of armour.
You are very stealthy in the water. (Stealth+)
You are amphibious.
You can wear up to eight rings at the same time.
You can use your tentacles to constrict eight enemies at once.
Your skin changes colour to match your surroundings (Stealth+).
Your rubbery body absorbs attacks. (AC +1, EV +1)


Message History

You shoot a sling bullet. The sling bullet hits the bone dragon!
The bone dragon is severely damaged.
Firing (i - inventory. (/) - cycle)
n - 62 sling bullets (quivered)
Press: ? - help, Shift-Dir - straight line, f/p - bone dragon
Aim: a bone dragon (severely damaged, umbra)
You shoot a sling bullet. The sling bullet hits the bone dragon!
The bone dragon is severely damaged.
You hear a splash.
Firing (i - inventory. (/) - cycle)
n - 61 sling bullets (quivered)
Press: ? - help, Shift-Dir - straight line, f/p - bone dragon
Aim: a bone dragon (severely damaged, umbra)
You shoot a sling bullet. The sling bullet hits the bone dragon!
The bone dragon is severely damaged.
You hear a splash.
Your shadow shoots a sling bullet.
The sling bullet hits the bone dragon but does no damage.
The sling bullet disappears in a puff of smoke!
The thorn hunter fires a volley of thorns at you.
The volley of thorns hits you!
You die...

♣♣≈≈♣♣♣
♣♣..<.≈≈≈♣..≈≈≈≈≈≈≈≈≈≈
♣≈≈♣♣♣
♣♣..(≈≈≈..≈≈≈≈≈≈≈≈≈≈≈
♣.≈≈.♣
♣≈.(≈≈≈....≈≈≈≈≈≈≈≈≈
♣.≈≈≈♣
♣♣♣(≈≈≈≈♣♣.≈≈≈≈≈≈≈≈≈
♣≈≈.♣♣
♣♣♣.D≈≈≈.♣♣.≈≈≈≈≈≈≈≈≈
♣♣♣♣♣
♣≈≈≈.....♣♣♣.≈≈≈...≈≈
♣♣♣♣♣♣ ♣♣≈≈.♣♣♣♣♣
♣♣≈≈≈≈≈≈≈≈ ♣≈≈.≈♣♣
♣♣...♣ ..≈t≈≈≈≈≈
♣♣≈≈≈.≈♣♣ ♣≈.≈@♣♣
≈≈.≈..≈F≈≈
♣.≈≈...≈♣♣♣♣♣≈≈≈≈♣
≈≈.≈
♣♣≈≈≈.).≈.≈..♣...♣
♣≈.≈≈≈...≈≈≈§♣♣.≈♣
♣♣.........≈≈≈≈≈.♣
♣♣..≈....§§.≈.f≈.♣
♣.≈≈.≈≈....≈§≈≈.≈♣
♣♣≈≈.♣♣..(.≈≈≈≈.♣♣
♣.≈≈.♣♣♣..≈≈≈≈♣♣


You could see a bone dragon and a thorn hunter.

Vanquished Creatures
  Bai Suzhen (Swamp:3)
  2 acid blobs (Lair:6)
  3 thorn hunters
  Kirke (Swamp:3)
  Donald (Swamp:2)
  A minotaur (Lab)
  Snorg (Orc:2)
  A vault guard (D:13)
  The ghost of mojoiskewl the Zephyrmancer, a journeyman DrWz of Sif Muna (Orc:2)
  6 hydras
  2 ghost crabs
  Erolcha (Orc:1)
  The ghost of DemiseSR the Cleaver, a novice MiBe of Trog (D:10)
  9 alligators
  2 two-headed ogres
  A death yak (D:9)
  An orc high priest (Orc:2)
  Urug (D:13)
  Sonja (D:11)
  A death drake (Swamp:3)
  2 spriggan druids
  3 spectral hydras
  4 swamp dragons
  A shambling mangrove (Swamp:3)
  9 ugly things
  5 orc knights
  2 orc sorcerers (Orc:2)
  3 deep elf magi
  A cyclops (Orc:2)
  5 elephants
  A manticore (D:13)
  A centaur zombie (D:12)
  Joseph (D:7)
  4 black mambas
  18 spiny frogs
  A torpor snail (Lair:3)
  2 centaur skeletons
  7 komodo dragons
  2 swamp worm zombies (Swamp:4)
  A tengu conjurer (D:13)
  8 trolls
  2 hydra zombies (Swamp:4)
  13 tyrant leeches
  A polar bear (Lair:3)
  Prince Ribbit (D:9)
  4 blink frogs (Lair:4)
  11 slime creatures
  10 hornets
  4 hippogriffs
  3 alligator zombies (Swamp:4)
  13 bog bodies
  3 shadows
  13 spriggans
  A vampire (D:13)
  5 wraiths (D:13)
  A redback (Lair:2)
  A wyvern (Lair:2)
  35 yaks
  5 basilisks
  10 vampire mosquitoes
  2 hungry ghosts
  2 steam dragons
  8 wargs
  14 swamp worms
  7 insubstantial wisps
  9 water moccasins
  A soldier ant (D:13)
  42 orc warriors
  9 porcupines
  4 sky beasts
  2 swamp drakes (Swamp:4)
  A hornet zombie (D:10)
  4 ice beasts
  4 swamp dragon zombies (Swamp:4)
  An eye of draining (shapeshifter) (D:13)
  A necrophage (D:10)
  4 ogres
  7 phantoms
  3 black bears
  36 wolves
  3 centaurs
  The ghost of busb the Insei, an amateur OpWn (D:3)
  10 crocodiles
  17 bullfrogs
  A big kobold (D:9)
  A wyvern zombie (D:5)
  3 wyvern skeletons
  4 scorpions
  A water moccasin skeleton (D:8)
  15 killer bees
  11 wights
  3 howler monkeys (D:7)
  8 crimson imps
  4 bullfrog zombies
  7 hounds
  5 jellies
  2 quasits (D:9)
  28 orc priests
  Crazy Yiuf (D:4)
  3 bullfrog skeletons
  6 iguanas
  Terence (D:2)
  2 hell rats (Lair:5)
  35 orc wizards
  3 spectral swamp drakes (Swamp:4)
  13 worker ants
  2 hound zombies
  8 gnolls
  11 adders
  7 river rats (Lair:5)
  4 shadow imps
  An ooze (D:1)
  2 adder skeletons
  7 dart slugs
  4 worms
  7 leopard geckos
  115 orcs
  6 giant cockroaches
  16 goblins
  9 hobgoblins
  11 jackals
  19 kobolds
  2 quokkas (D:9)
  A ball python (D:1)
  10 bats
  6 frilled lizards
  7 rats
  2 fungi
  28 plants
889 creatures vanquished.

Vanquished Creatures (others)
  A swamp worm zombie (Swamp:4)
  A tyrant leech (Swamp:4)
  A hornet (Swamp:1)
  A spriggan (Swamp:1)
  2 humans (Swamp:3)
  2 briar patches (Swamp:4)
  7 fungi
  2 plants
17 creatures vanquished.

Grand Total: 906 creatures vanquished

Notes
Turn   | Place    | Note
-------+----------+-------------------------------------------
     0 | D:1      | DrEnzyme the Octopode Wanderer began the quest for the Orb.
     0 | D:1      | DrEnzyme set off with: a +2 dagger, a scroll of blinking, a +0 falchion, a potion of lignification, a ration
     0 | D:1      | Reached XP level 1. HP: 16/16 MP: 1/1
   254 | D:1      | Reached XP level 2. HP: 21/21 MP: 2/2
   784 | D:1      | Reached XP level 3. HP: 23/26 MP: 3/3
   895 | D:1      | Found a shattered altar of Ashenzari.
   900 | D:1      | Reached skill level 1 in Short Blades
  1312 | D:2      | Noticed Natasha
  1412 | D:2      | Noticed Terence
  1422 | D:2      | Reached XP level 4. HP: 22/33 MP: 4/4
  1434 | D:2      | Killed Terence
  1434 | D:2      | Reached skill level 5 in Stealth
  1587 | D:2      | Upgraded the game from 0.22-a0-443-g17c3723 to 0.22-a0-445-g8c8ef71
  2465 | D:2      | Reached XP level 5. HP: 29/37 MP: 5/5
  2471 | D:2      | Reached skill level 1 in Slings
  2532 | D:2      | Upgraded the game from 0.22-a0-445-g8c8ef71 to 0.22-a0-447-gee5f723
  2992 | D:3      | Reached skill level 6 in Stealth
  3450 | D:3      | Reached skill level 1 in Dodging
  3559 | D:3      | Reached XP level 6. HP: 43/43 MP: 6/6
  3690 | D:3      | Noticed busb's ghost (amateur OpWn)
  3938 | D:3      | Killed busb's ghost
  4380 | D:4      | Found a staircase to the Ecumenical Temple.
  4386 | Temple   | Entered the Ecumenical Temple
  5463 | D:4      | Found a bloodstained altar of Trog.
  5522 | D:4      | Noticed a wyvern
  5848 | D:4      | Reached skill level 7 in Stealth
  5848 | D:4      | Reached XP level 7. HP: 44/47 MP: 7/7
  6342 | D:4      | Found a runed door.
  6346 | D:4      | Noticed Crazy Yiuf
  6350 | D:4      | Killed Crazy Yiuf
  6415 | D:5      | Entered Level 5 of the Dungeon
  8054 | D:5      | Reached skill level 8 in Stealth
  8054 | D:5      | Reached XP level 8. HP: 54/54 MP: 8/8
  8318 | D:6      | Reached skill level 5 in Slings
  8492 | D:6      | Found a glowing silver altar of Zin.
  9217 | D:7      | Reached skill level 9 in Stealth
  9389 | D:7      | Noticed Joseph
  9633 | D:6      | Reached XP level 9. HP: 7/60 MP: 9/9
  9926 | D:7      | Found a flagged portal.
  9935 | Bailey   | Entered a bailey
 10103 | Bailey   | Noticed an orc knight
 10353 | Bailey   | HP: 2/60 [orc knight/war axe (31)]
 10769 | Bailey   | Killed an orc knight
 10769 | Bailey   | Reached skill level 5 in Fighting
 10769 | Bailey   | Reached skill level 10 in Stealth
 10835 | Bailey   | Noticed an orc knight
 11073 | Bailey   | Killed an orc knight
 11167 | Bailey   | Found a bloodstained altar of Trog.
 11387 | Temple   | Became a worshipper of Dithmenos the Shadowed
 12151 | D:7      | Found Lodghidoll's Weapon Boutique.
 12481 | D:7      | Reached skill level 5 in Dodging
 13159 | D:8      | Reached XP level 10. HP: 52/67 MP: 10/10
 13262 | D:8      | Reached skill level 11 in Stealth
 13516 | D:8      | Noticed a deep elf mage
 13535 | D:8      | Killed a deep elf mage
 14281 | D:8      | Noticed a two-headed ogre
 14320 | D:8      | You fall through a shaft for 2 floors!
 14320 | D:10     | Entered Level 10 of the Dungeon
 14320 | D:10     | Noticed DemiseSR's ghost (novice MiBe)
 14504 | D:9      | Found a staircase to the Lair.
 14504 | D:9      | Noticed an elephant
 14549 | D:9      | Reached * piety under Dithmenos
 14585 | D:9      | Found a staircase to the Orcish Mines.
 14605 | D:9      | Reached skill level 12 in Stealth
 15146 | D:9      | Noticed Prince Ribbit
 15154 | D:9      | Killed Prince Ribbit
 15774 | D:9      | Noticed a death yak
 16433 | D:10     | Found Cugrat's Weapon Shop.
 17075 | D:10     | Reached XP level 11. HP: 72/74 MP: 11/11
 17095 | D:10     | Reached ** piety under Dithmenos
 17969 | D:11     | Noticed Sonja
 17973 | D:11     | Noticed loopi's ghost (journeyman KoWn)
 19193 | D:11     | Reached skill level 13 in Stealth
 19200 | D:11     | Noticed a deep elf mage
 19207 | D:11     | Killed a deep elf mage
 20425 | Lair:1   | Entered Level 1 of the Lair of Beasts
 20737 | Lair:1   | Found a labyrinth entrance.
 20752 | Lab      | Entered a labyrinth
 22026 | Lab      | Noticed a minotaur
 22049 | Lab      | Killed a minotaur
 22049 | Lab      | Reached skill level 5 in Short Blades
 22425 | Lab      | Got a transparent hand axe
 22450 | Lab      | Got bronze gold dragon scales
 23432 | Lair:1   | Reached skill level 10 in Slings
 23432 | Lair:1   | Reached skill level 14 in Stealth
 23803 | Lair:2   | Noticed an oklob plant
 23823 | Lair:2   | Noticed an oklob plant
 23869 | Lair:2   | Found a hole to the Spider Nest.
 23983 | Lair:2   | Found an ancient bone altar of Kikubaaqudgha.
 23996 | Lair:2   | Found a staircase to the Swamp.
 24398 | Lair:3   | Noticed an eight-headed hydra
 24688 | Lair:3   | Noticed a seven-headed hydra
 24731 | Lair:3   | Noticed a spriggan rider
 25332 | Lair:3   | Reached XP level 12. HP: 72/81 MP: 12/12
 25389 | Lair:3   | Noticed a death yak
 25434 | Lair:3   | Noticed DemiseSR's ghost (journeyman MiBe)
 25463 | Lair:3   | Reached skill level 15 in Stealth
 25747 | Orc:1    | Entered Level 1 of the Orcish Mines
 26180 | D:8      | Killed a two-headed ogre
 26245 | D:7      | Killed Joseph
 26252 | D:7      | Reached *** piety under Dithmenos
 27593 | D:12     | Noticed a two-headed ogre
 27727 | D:11     | Killed Sonja
 27855 | D:12     | Noticed a seven-headed hydra
 27907 | D:12     | Reached skill level 16 in Stealth
 28711 | D:12     | Reached skill level 1 in Shields
 28738 | D:12     | Upgraded the game from 0.22-a0-447-gee5f723 to 0.22-a0-448-g1fb7470
 28955 | D:12     | Reached **** piety under Dithmenos
 29640 | D:13     | Reached skill level 17 in Stealth
 30201 | D:13     | Noticed Urug
 30235 | D:13     | Reached XP level 13. HP: 35/88 MP: 13/13
 31788 | Lair:2   | Reached ***** piety under Dithmenos
 32229 | Lair:3   | Identified a scroll of acquirement
 32673 | Lair:3   | Got a shimmering lead ring
 32674 | Lair:3   | Identified the ring of Kiucvu {rF+ rN+ Dex+5 Slay+2 Stlth+} (You acquired it on level 3 of the Lair of Beasts)
 32740 | Lair:2   | Reached skill level 10 in Dodging
 33871 | Lair:4   | Reached skill level 18 in Stealth
 34329 | Lair:5   | Got a coiled amber ring
 34331 | Lair:5   | Identified the ring "Zuyrity" {rElec rPois AC+1 Int+3 Dex+4} (You acquired it on level 5 of the Lair of Beasts)
 35133 | Lair:5   | Learned a level 2 spell: Swiftness
 35307 | Lair:6   | Entered Level 6 of the Lair of Beasts
 36004 | Lair:6   | Found a runed door.
 36007 | Lair:6   | Found a viscous altar of Jiyva.
 36008 | Lair:6   | Found a staircase to the Slime Pits.
 36008 | Lair:6   | Noticed an acid blob
 36008 | Lair:6   | Noticed an acid blob
 36008 | Lair:6   | Noticed an acid blob
 36008 | Lair:6   | Noticed an acid blob
 36012 | Lair:6   | Killed an acid blob
 36012 | Lair:6   | Reached skill level 1 in Spellcasting
 36012 | Lair:6   | Reached XP level 14. HP: 95/95 MP: 14/16
 36014 | Lair:6   | Killed an acid blob
 36014 | Lair:6   | Reached skill level 19 in Stealth
 36022 | Lair:6   | HP: 1/95 [acid (14)]
 38049 | Orc:1    | Reached ****** piety under Dithmenos
 38193 | Orc:1    | Noticed Erolcha
 38203 | Orc:1    | Killed Erolcha
 38411 | Orc:2    | Entered Level 2 of the Orcish Mines
 38411 | Orc:2    | Noticed Snorg
 38412 | Orc:2    | Killed Snorg
 38422 | Orc:2    | Noticed LeafLetters's ghost (journeyman DsWz)
 38687 | Orc:2    | Noticed mojoiskewl's ghost (journeyman DrWz)
 39154 | Orc:2    | Found a staircase to the Elven Halls.
 39173 | Orc:2    | Noticed an orc warlord
 39242 | Orc:2    | Killed mojoiskewl's ghost
 39541 | Orc:2    | Found a roughly hewn altar of Beogh.
 40407 | Orc:2    | Found a roughly hewn altar of Beogh.
 40411 | Orc:2    | Found Macrirhiomu's Antique Weapon Shop.
 40421 | Orc:2    | Bought a slimy dagger for 140 gold pieces
 40421 | Orc:2    | Identified the +11 dagger of the Butterfly {pierce, *Slow rElec Int+5} (You bought it in a shop on level 2 of the Orcish Mines)
 40628 | Orc:2    | Found a roughly hewn altar of Beogh.
 40628 | Orc:2    | Found Geguf's Jewellery Shoppe.
 40634 | Orc:2    | Paralysed by an orc sorcerer for 5 turns
 40904 | Orc:2    | Bought the ring of Mirth {+Inv rC+ Stlth+} for 668 gold pieces
 40904 | Orc:2    | Bought an uncursed ring of poison resistance for 320 gold pieces
 40904 | Orc:2    | Bought a +3 ring of protection for 336 gold pieces
 41699 | Orc:2    | Noticed an orc warlord
 41703 | Orc:2    | Found Moutsose's Antique Weapon Shop.
 41706 | Orc:2    | Found a roughly hewn altar of Beogh.
 41714 | Orc:2    | Found Qihain's Antique Armour Boutique.
 41802 | Elf:1    | Entered Level 1 of the Elven Halls
 42012 | Orc:2    | Bought the ring "Jont" {rF- rN+ MR+ SInv} for 534 gold pieces
 42166 | D:10     | Killed DemiseSR's ghost
 42504 | D:13     | Killed Urug
 42601 | D:13     | Noticed a shard shrike
 42651 | D:13     | Found a gate to the Vaults.
 42656 | D:13     | Reached skill level 1 in Invocations
 43978 | Swamp:1  | Entered Level 1 of the Swamp
 43983 | Swamp:1  | Reached skill level 20 in Stealth
 44001 | Swamp:1  | Reached XP level 15. HP: 73/102 MP: 19/19
 44652 | Swamp:1  | Reached skill level 5 in Shields
 45847 | Swamp:2  | Noticed a thorn hunter
 45855 | Swamp:2  | Killed a thorn hunter
 46107 | Swamp:3  | Noticed Kirke
 46173 | Swamp:3  | Reached skill level 21 in Stealth
 47022 | Swamp:3  | Noticed Bai Suzhen
 47029 | Swamp:3  | Killed Bai Suzhen
 47041 | Swamp:3  | Reached XP level 16. HP: 82/109 MP: 20/20
 47162 | Swamp:3  | Noticed Donald
 47167 | Swamp:3  | Noticed a thorn hunter
 47204 | Swamp:2  | Killed Donald
 47477 | Swamp:4  | Entered Level 4 of the Swamp
 47713 | Swamp:3  | Killed Kirke
 48115 | Swamp:4  | Noticed a thorn hunter
 48141 | Swamp:3  | Killed a thorn hunter
 48141 | Swamp:3  | Reached skill level 22 in Stealth
 48771 | Swamp:4  | Noticed a bone dragon
 49077 | Swamp:4  | Reached skill level 10 in Fighting
 49144 | Swamp:4  | Killed a thorn hunter
 49308 | Swamp:4  | Noticed a thorn hunter
 49311 | Swamp:4  | Killed from afar by a thorn hunter

Vault maps used:
D:1:      lightli_molten_gateway, hangedman_decor_clover_reticule,
          evilmike_ruin_ashenzari
D:2:      guppyfry_early_orc_mine, uniq_terence, uniq_natasha
D:3:      cheibriados_altar_1, kennysheep_generic_room_11
D:4:      minmay_temple_entry_purple_smoke, trog_butcher_becter,
          uniq_crazy_yiuf_cottage
D:5:      first_ration
D:6:      basic_altar, nrook_mini_backslash
D:7:      serial_shops, nicolae_shop_waterfront, enter_bailey_2, uniq_joseph
D:9:      david_lair_generic, orc_0_dummy, uniq_prince_ribbit1
D:10:     serial_shops, shop_fountains, grunt_pizzeria,
          nicolae_twisting_strands, minmay_variable_closet
D:11:     wad_woods_structure_01, minivault_16, dk_vineyard_3,
          grunt_decor_arrowhead, minmay_misc_feat_pillars, hex_tiny,
          minmay_orc_keep, uniq_sonja
D:13:     david_vaults_5, minmay_guarded_unrand_finisher, uniq_urug
D:14:     uniq_louise
Temple:   nicolae_temple_the_god_donut
Lair:1:   lab_entry_generic, lemuel_fruit_tree
Lair:2:   swamp_mist_pool, spider_nest_entry_rubble, basic_altar,
          minmay_lair_oklob_chamber, grunt_megastairs_3
Lair:3:   grunt_forest_large_clearings
Lair:4:   disabler_island, grunt_megastairs_5
Lair:5:   kennysheep_rathole
Lair:6:   guppyfry_lair_end_dragon, wormcave, slime_altar_2,
          kennysheep_basilisk_garden
Swamp:1:  evilmike_swamp_ruin_wall
Swamp:2:  evilmike_swamp_ruin_house_2
Swamp:3:  evilmike_swamp_ruin_house_5, uniq_bai_suzhen, uniq_kirke, uniq_donald
Swamp:4:  swamp_pestilence
Orc:1:    uniq_erolcha
Orc:2:    grunt_orc_community_town_hall, grunt_orc_community_big_house_1,
          grunt_orc_community_big_house_1, grunt_orc_community_house_1,
          grunt_orc_community_house_3, grunt_orc_community_house_2,
          grunt_orc_community_house_3, grunt_orc_community_house_1, uniq_snorg
Elf:1:    elf_arrival_002, serial_shops, shop, basic_altar,
          minmay_elf_demonology
Bailey:   bailey_axe_3, bailey

Skill      XL: |  1  2  3  4  5  6  7  8  9 10 11 12 13 14 15 16 |
---------------+-------------------------------------------------+-----
Short Blades   | 1 2 3 4 5 6 7 9 |  9.8
Stealth        | 5 6 7 8 9 10 12 14 17 18 20 21 22 | 22.1
Slings         | 2 3 4 6 8 9 10 11 | 11.3
Dodging        | 1 2 3 5 6 8 9 10 11 12 13 | 13.4
Fighting       | 4 5 6 7 8 9 10 | 10.0
Shields        | 2 3 4 5 6 |  6.4
Spellcasting   | 1 3 |  3.3
Invocations    | 1 3 |  3.5
Long Blades    | |  2.1
Bows           | |  2.0
Throwing       | |  0.2
Charms         | |  0.1
Air Magic      | |  0.5

Action                   |  1- 3 |  4- 6 |  7- 9 | 10-12 | 13-15 | 16-18 || total
-------------------------+-------+-------+-------+-------+-------+-------++-------
Melee: Dagger            |    55 |    83 |   135 |   940 |  1197 |   307 ||  2717
       Constrict         |    13 |    22 |    31 |   107 |   170 |    18 ||   361
       Tentacles         |     7 |    25 |    45 |   305 |   525 |   161 ||  1068
       Hunting sling     |       |     1 |       |       |       |       ||     1
 Fire: Hunting sling     |     5 |   133 |   501 |     3 |       |       ||   642
       Fustibalus        |       |       |       |   158 |   140 |    12 ||   310
Throw: Stone             |    21 |     1 |       |       |       |       ||    22
       Tomahawk          |       |       |    10 |       |       |       ||    10
 Cast: Swiftness         |       |       |       |       |     1 |     1 ||     2
Evoke: Wand              |       |       |       |       |     2 |       ||     2
  Use: Scroll            |     3 |     1 |    10 |    22 |    14 |     2 ||    52
       Potion            |       |     1 |     1 |    13 |     5 |       ||    20
 Stab: Sleeping          |    11 |    11 |    11 |    56 |    93 |     4 ||   186
       Distracted        |       |       |     3 |     7 |    24 |     5 ||    39
       Invisible         |       |       |       |     1 |       |       ||     1
  Eat: Chunk             |     1 |    27 |    19 |    60 |    53 |     4 ||   164
Armor: Skin              |     4 |    11 |     7 |    75 |    18 |    24 ||   139
Dodge: Dodged            |    33 |    36 |    84 |   453 |   757 |   263 ||  1626
Block: Buckler           |       |       |       |       |    73 |    85 ||   158

Table legend:
 A = Spawn XP
 B = Non-spawn XP
 C = Spawn XP percentage of total XP
 D = Spawn monster count
 E = Non-spawn monster count
 F = Spawn count percentage of total count
 G = Total turns spent on level
                    A         B        C        D         E        F      G
               +---------+---------+-------+---------+---------+-------+---------
         Total |       0 |  153455 |   0.0 |       0 |     860 |   0.0 | 49311
               +---------+---------+-------+---------+---------+-------+---------
           D:1 |       0 |      65 |   0.0 |       0 |      32 |   0.0 |  1337
           D:2 |       0 |     124 |   0.0 |       0 |      27 |   0.0 |  1665
           D:3 |       0 |     257 |   0.0 |       0 |      28 |   0.0 |  1295
           D:4 |       0 |     303 |   0.0 |       0 |      27 |   0.0 |  1984
           D:5 |       0 |     805 |   0.0 |       0 |      25 |   0.0 |  1792
           D:6 |       0 |     727 |   0.0 |       0 |      13 |   0.0 |  2106
           D:7 |       0 |    1905 |   0.0 |       0 |      28 |   0.0 |  1631
           D:8 |       0 |    3165 |   0.0 |       0 |      25 |   0.0 |  1344
           D:9 |       0 |    4489 |   0.0 |       0 |      31 |   0.0 |  3380
          D:10 |       0 |    3069 |   0.0 |       0 |      33 |   0.0 |  2568
          D:11 |       0 |    3819 |   0.0 |       0 |      39 |   0.0 |  3345
          D:12 |       0 |    5967 |   0.0 |       0 |      40 |   0.0 |  2343
          D:13 |       0 |   10658 |   0.0 |       0 |      40 |   0.0 |  1889
          D:14 |       0 |    2081 |   0.0 |       0 |       5 |   0.0 |    59
        Lair:1 |       0 |    1725 |   0.0 |       0 |      11 |   0.0 |  1554
        Lair:2 |       0 |    4988 |   0.0 |       0 |      26 |   0.0 |  2460
        Lair:3 |       0 |    6135 |   0.0 |       0 |      32 |   0.0 |  1555
        Lair:4 |       0 |    6711 |   0.0 |       0 |      30 |   0.0 |  1470
        Lair:5 |       0 |    4771 |   0.0 |       0 |      29 |   0.0 |  1477
        Lair:6 |       0 |    6706 |   0.0 |       0 |      15 |   0.0 |   489
       Swamp:1 |       0 |   16121 |   0.0 |       0 |      40 |   0.0 |  1736
       Swamp:2 |       0 |   10591 |   0.0 |       0 |      15 |   0.0 |   604
       Swamp:3 |       0 |   26556 |   0.0 |       0 |      47 |   0.0 |  2146
       Swamp:4 |       0 |   14131 |   0.0 |       0 |      46 |   0.0 |   847
         Orc:1 |       0 |    4309 |   0.0 |       0 |      48 |   0.0 |  1664
         Orc:2 |       0 |   10657 |   0.0 |       0 |     111 |   0.0 |  3100
           Lab |       0 |    1277 |   0.0 |       0 |       1 |   0.0 |  1702
        Bailey |       0 |    1343 |   0.0 |       0 |      16 |   0.0 |  1274
               +---------+---------+-------+---------+---------+-------+---------
